 Dungeon Crawl Stone Soup version 0.30-a0-571-gdf30a72648 (webtiles) character file.

Game seed: 1323874476746659464

606 Newt the Trooper (level 7, 0/55 HPs)
             Began as a Demonspawn Gladiator on Dec 29, 2022.
             Succumbed to a water moccasin's poison
             ... on level 5 of the Dungeon.
             The game lasted 00:04:22 (3412 turns).

Newt the Trooper (Demonspawn Gladiator)             Turns: 3412, Time: 00:04:22

Health: 0/55       AC:  8    Str: 17    XL:     7   Next: 19%
Magic:  2/2        EV: 13    Int: 11    God:
Gold:   300        SH:  0    Dex: 14    Spells: 6/6 levels left

rFire   + . .      SeeInvis .    g - +2 short sword "Wyviop" {antimagic, rElec rPois Int+2}
rCold   + . .      Faith    .    (no shield)
rNeg    . . .      Spirit   .    b - +0 leather armour
rPois   +          Reflect  .    c - +1 helmet
rElec   +          Harm     .    (no cloak)
rCorr   +          Rampage  .    r - +0 pair of gloves
Will    .....                    (no boots)
Stlth   ++                       m - amulet of the acrobat
HPRegen 0.29/turn                h - ring of wizardry
MPRegen 0.08/turn                y - +4 ring of slaying

@: brilliant, lethally poisoned (0 -> -12), resistant, hasted, very quick
A: claws 1, molten scales 1, powered by death 1, demonic magic 1
a: no special abilities


You were on level 5 of the Dungeon.
You visited 1 branch of the dungeon, and saw 5 of its levels.

You collected 300 gold pieces.

Inventory:

Hand Weapons
 a - a +0 rapier
 g - the +2 short sword "Wyviop" (weapon) {antimagic, rElec rPois Int+2}
   (You found it on level 2 of the Dungeon)

   It reduces the magical energy of the wielder, and disrupts the spells and
   magical abilities of those it strikes.
   Natural abilities and divine invocations are not affected.
   Int:       It affects your intelligence (+2).
   rElec:     It insulates you from electricity.
   rPois:     It protects you from poison.
Missiles
 d - 3 throwing nets (quivered)
 p - 7 boomerangs
Armour
 b - a +0 leather armour (worn)
 c - a +1 helmet (worn)
 r - a +0 pair of gloves (worn)
Jewellery
 h - a ring of wizardry (left hand)
 i - a ring of ice
 m - an amulet of the acrobat (around neck)
 y - a +4 ring of slaying (right hand)
 C - a ring of willpower
Wands
 j - a wand of polymorph (15)
 v - a wand of charming (14)
Scrolls
 f - 2 scrolls of magic mapping
 n - a scroll of enchant armour
 u - 3 scrolls of identify {unknown}
 w - 2 scrolls of fear {unknown}
 x - a scroll of noise {unknown}
 z - a scroll of blinking {unknown}
 D - a scroll of teleportation
Potions
 q - a potion of mutation {unknown}
 s - a potion of cancellation {unknown}
 t - a potion of flight {unknown}
 A - a potion of ambrosia {unknown}
 B - a potion of might {unknown}


   Skills:
 + Level 4.3 Fighting
 - Level 4.0 Short Blades
 - Level 1.7 Throwing
 - Level 3.0 Armour
 - Level 4.0 Dodging
 - Level 3.0 Stealth


You had 6 spell levels left.
You didn't know any spells.
Your spell library was empty.

Dungeon Overview and Level Annotations

Branches:
Dungeon (5/15)
 Temple: D:4-7

Altars:
Xom

Annotations:
D:1 2 transporters


Innate Abilities, Weirdness & Mutations

You have sharp fingernails.
You are partially covered in molten scales. (AC +2)
You regenerate a little health from kills.
Spells you cast may paralyse adjacent enemies.


Message History

The water moccasin is severely wounded.
You feel sick. The water moccasin bites you!
You completely miss the water moccasin.
The water moccasin is severely wounded.
You feel sick. The water moccasin closely misses you.
The water moccasin bites you.
You hit the water moccasin.
The water moccasin is almost dead.
You feel sick. The water moccasin bites you.
* * * LOW HITPOINT WARNING * * *
You are lethally poisoned!
The water moccasin poisons you!
Okay, then.
Throw: javelin
Press: ? - help, Shift-Dir - straight line, f - adder
Aim: an adder (50% to hit)
You throw a javelin.
The javelin pierces through the water moccasin!
You kill the water moccasin!
The javelin barely misses the adder.
* * * LOW HITPOINT WARNING * * *
You feel extremely sick. The adder closely misses you.
Training target 3.0 for Armour reached!
Your Armour skill increases to level 3!
You need to enable at least one skill for training.
You have reached level 7!
Your demonic ancestry asserts itself...
Molten scales grow over part of your body.
It was a potion of haste.
You feel yourself speed up.
* * * LOW HITPOINT WARNING * * *
You feel very sick. The adder closely misses you.
It was a potion of brilliance.
You feel clever all of a sudden.
* * * LOW HITPOINT WARNING * * *
You feel sick. The adder misses you.
It was a potion of resistance.
You feel protected.
You die...

#.#.# #.#.#
#.#.#
########.#.#
#<.........#
########.#####
#.....#
#####.#
#@########
#S#.......
#.....#
#...#.....
##.## ### #..
####


You could see an adder.

Vanquished Creatures
  A water moccasin (D:5)
  A black bear (D:4)
  A phantom (D:4)
  A necrophage (D:3)
  A jelly (D:4)
  Jessica (D:2)
  An iguana (D:4)
  6 gnolls (D:4)
  4 adders
  An ufetubus (D:4)
  5 worms
  3 dart slugs
  6 ball pythons
  9 endoplasms
  A giant cockroach (D:3)
  11 goblins
  5 hobgoblins
  4 jackals
  4 quokkas
  5 bats
  4 frilled lizards (D:2)
  8 kobolds
  5 rats
88 creatures vanquished.

Notes
Turn   | Place    | Note
-------+----------+-------------------------------------------
     0 | D:1      | Newt the Demonspawn Gladiator began the quest for the Orb.
     0 | D:1      | Reached XP level 1. HP: 16/16 MP: 1/1
    64 | D:1      | Reached skill level 1 in Stealth
   257 | D:1      | Gained mutation: Spells you cast may paralyse adjacent
                  | enemies. [demonic ancestry]
   257 | D:1      | Reached XP level 2. HP: 19/22 MP: 2/2
   931 | D:2      | Identified the +2 short sword "Wyviop" {antimagic, rElec
                  | rPois Int+2}
   969 | D:2      | Gained mutation: You have sharp fingernails. [demonic
                  | ancestry]
   969 | D:2      | Reached XP level 3. HP: 26/27 MP: 1/3
   969 | D:2      | Noticed Jessica
   976 | D:2      | Killed Jessica
  1430 | D:2      | Reached XP level 4. HP: 27/34 MP: 1/4
  2232 | D:3      | Noticed a necrophage
  2249 | D:3      | Killed a necrophage
  2250 | D:3      | Gained mutation: You regenerate a little health from kills.
                  | [demonic ancestry]
  2250 | D:3      | Reached XP level 5. HP: 38/42 MP: 1/5
  2520 | D:4      | Found a shimmering altar of Xom.
  2801 | D:4      | Reached XP level 6. HP: 39/48 MP: 2/6
  3375 | D:5      | Entered Level 5 of the Dungeon
  3395 | D:5      | Noticed a water moccasin
  3409 | D:5      | Killed a water moccasin
  3410 | D:5      | Gained mutation: You are partially covered in molten
                  | scales. (AC +2) [demonic ancestry]
  3410 | D:5      | Reached XP level 7. HP: 7/55 MP: 2/7
  3411 | D:5      | HP: 2/55 [poisoned by a water moccasin]
  3412 | D:5      | Succumbed to a water moccasin's poison

Illustrated notes

Levels and vault maps discovered:
D:1:      spicycebolla_arrival_transporter_tutorial, layout_loops_cross,
          serial_bayou_lagoon_a
D:2:      layout_basic, basic_altar, serial_park_tiny_1, grunt_decor_resistance,
          uniq_jessica
D:3:      layout_basic, corner_web_ring, minmay_misc_feat_rugged,
          amethyst_killhole, grunt_ministairs_12
D:4:      layout_loops_corners, lemuel_tele_altar, kennysheep_small_circle
D:5:      layout_basic, lightli_temple_of_fire,
          mainiacjoe_overflow_small_starburst, minmay_misc_feat_roman

Skill      XL: |  1  2  3  4  5  6 |
---------------+-------------------+-----
Stealth        | 1 2 3 |  3.0
Fighting       | 4 |  4.3
Short Blades   | 3 4 |  4.0
Dodging        | 3 4 |  4.0
Armour         | 3 |  3.0
Throwing       | |  1.7

Action                   |  1- 3 |  4- 6 |  7- 9 || total
-------------------------+-------+-------+-------++-------
Melee: Rapier            |    85 |       |       ||    85
       Short sword       |    61 |   179 |       ||   240
       Punch             |       |     3 |       ||     3
Throw: Boomerang         |       |     3 |       ||     3
       Javelin           |       |     2 |       ||     2
  Use: Scroll            |     4 |     1 |       ||     5
       Potion            |       |       |     3 ||     3
 Stab: Sleeping          |     2 |     4 |       ||     6
Armor: Leather armour    |    41 |    53 |       ||    94
Dodge: Dodged            |    98 |   127 |     2 ||   227

Table legend: (Time is in decaauts)
 A = Elapsed time spent in this place.
 B = Non-inter-level travel time spent in this place.
 C = Inter-level travel time spent in this place.
 D = Time resting spent in this place.
 E = Time spent auto-exploring this place.
 F = Levels seen in this place.
 G = Mean time per level.
                   A        B        C        D        E       F      G
               +--------+--------+--------+--------+--------+-----+--------+
         Total |   3391 |   3281 |    110 |     22 |   2631 |   5 |  678.2 |
       Dungeon |   3391 |   3281 |    110 |     22 |   2631 |   5 |  678.2 |
               +--------+--------+--------+--------+--------+-----+--------+

Top non-repeatable levels by time:
     D:4: 1030 daAuts
     D:1: 878 daAuts
     D:2: 814 daAuts
     D:3: 633 daAuts
     D:5: 34 daAuts
